 Dungeon Crawl Stone Soup version 0.30-a0-1008-g30c9307041 (webtiles) character file.

Game seed: 15911284005328088405

55 hwolsky the Gusty (level 3, 0/26 HPs)
             Began as a Draconian Air Elementalist on Apr 5, 2023.
             Slain by a gnoll
             ... wielding a +0 flail
              (5 damage)
             ... on level 2 of the Dungeon.
             The game lasted 00:10:14 (1325 turns).

hwolsky the Gusty (Draconian Air Elementalist)      Turns: 1325, Time: 00:10:14

Health: 0/26       AC:  5    Str: 12    XL:     3   Next: 67%
Magic:  5/6        EV: 12    Int: 15    God:
Gold:   74         SH:  0    Dex: 11    Spells: 5/6 levels left

rFire   . . .      SeeInvis .    e - +2 dagger (spect)
rCold   . . .      Faith    .    (no shield)
rNeg    . . .      Spirit   .    (body armour unavailable)
rPois   .          Reflect  .    (helmet restricted)
rElec   .          Rampage  .    (no cloak)
rCorr   .                        (no gloves)
Will    .....                    (no boots)
Stlth   ++                       (no amulet)
HPRegen 0.24/turn                (no ring)
MPRegen 0.10/turn                (no ring)

@: no status effects
A: AC +5, unfitting armour, cold-blooded
a: no special abilities


You were on level 2 of the Dungeon.
You visited 1 branch of the dungeon, and saw 2 of its levels.

You collected 74 gold pieces.

Inventory:

Hand Weapons
 e - a +2 spectral dagger (weapon)
 g - a +0 hand axe of electrocution
Missiles
 f - 3 poisoned darts (quivered)
Jewellery
 c - a ring of poison resistance
Scrolls
 h - 2 scrolls of fog
 i - a scroll of teleportation
 j - a scroll of brand weapon
 k - a scroll of enchant armour
 l - a scroll of identify
Potions
 b - a potion of mutation {unknown}
 d - 2 potions of degeneration


   Skills:
 + Level 2.2 Dodging
 + Level 2.3 Stealth
 + Level 2.4 Spellcasting
 + Level 1.7 Conjurations
 + Level 3.3 Air Magic


You had 5 spell levels left.
You knew the following spells:

 Your Spells              Type           Power      Damage    Failure   Level
a - Shock                 Conj/Air       36%        1d5       8%          1

Your spell library contained the following spells:

 Spells                   Type           Power      Damage    Failure   Level
 Static Discharge         Conj/Air       18%        2-3/arc   11%         2
 Swiftness                Air            11%        N/A       16%         3
 Beastly Appendage        Tmut           2%         N/A       22%         1
 Wereblood                Tmut           1%         N/A       32%         2
 Airstrike                Air            5%         2d(1-17)  47%         4
 Spider Form              Tmut/Pois      1%         N/A       54%         3


Dungeon Overview and Level Annotations

Branches:
Dungeon (2/15)

Altars:


Innate Abilities, Weirdness & Mutations

Your plain brown scales are hard. (AC +5)
You cannot fit into any form of body armour.
You are cold-blooded and may be slowed by cold attacks.


Message History

The gnoll is moderately wounded.
The gnoll hits you from afar with a +0 spear.
Casting: Shock (safe; 8% risk of failure)
Confirm with . or Enter, or press ? or * to list all spells.
Aiming: Shock (safe; 8% risk of failure)
Press: ? - help, Shift-Dir - straight line, f - gnoll, p - gnoll
Aim: a gnoll, wielding a +0 flail (72% to hit)
The zap hits the gnoll.
The gnoll is moderately wounded.
The zap hits the gnoll.
The gnoll is lightly wounded.
The gnoll closely misses you.
Welcome back, hwolsky the Draconian Air Elementalist.
Press ? for a list of commands and other information.
Casting: Shock (safe; 8% risk of failure)
Confirm with . or Enter, or press ? or * to list all spells.
Aiming: Shock (safe; 8% risk of failure)
Press: ? - help, Shift-Dir - straight line, f - gnoll
Aim: a gnoll, wielding a +0 spear (severely wounded, 72% to hit)
Okay, then.
Magic courses through your body.
The gnoll hits you from afar with a +0 spear.
Casting: Shock (safe; 8% risk of failure)
Confirm with . or Enter, or press ? or * to list all spells.
Okay, then.
Okay, then.
Casting: Shock (safe; 8% risk of failure)
Confirm with . or Enter, or press ? or * to list all spells.
Aiming: Shock (safe; 8% risk of failure)
Press: ? - help, Shift-Dir - straight line, f - gnoll
Aim: a gnoll, wielding a +0 spear (severely wounded, 72% to hit)
The zap hits the gnoll.
The gnoll is heavily wounded.
The zap misses the gnoll.
The gnoll hits you from afar with a +0 spear.
The gnoll hits you with a +0 flail! The gnoll hits you with a +0 flail.
* * * LOW HITPOINT WARNING * * *
The gnoll hits you with a +0 flail.
You die...

........##.....#....#
.......##..........#
...... #..........#
..... #.....#....#
...###.....#....#
.g........†....+
####g.............#
#..g.g............#
#...@.............###
#................#...
#...................#.##
#...................#.##
#....##.................
#.... #.........##....##
#.... #####...####....##
#... #...# #....## #...#
#......


You could see 4 gnolls.

Vanquished Creatures
  3 adders (D:2)
  2 dart slugs (D:2)
  3 ball pythons
  2 endoplasms (D:1)
  A goblin (D:1)
  A hobgoblin (D:2)
  3 jackals (D:1)
  A bat (D:1)
  2 frilled lizards (D:1)
  4 kobolds
  3 rats
25 creatures vanquished.

Notes
Turn   | Place    | Note
-------+----------+-------------------------------------------
     0 | D:1      | hwolsky the Draconian Air Elementalist began the quest for
                  | the Orb.
     0 | D:1      | Reached XP level 1. HP: 14/14 MP: 3/3
   483 | D:1      | Reached XP level 2. HP: 20/20 MP: 1/5
   945 | D:2      | Reached XP level 3. HP: 13/26 MP: 2/6
  1325 | D:2      | Slain by a gnoll

Illustrated notes

Levels and vault maps discovered:
D:1:      minmay_arrival_five_plusses, layout_loops_cross
D:2:      layout_basic, basic_altar

Skill      XL: |  1  2 |
---------------+-------+-----
Stealth        | 2 |  2.3
Dodging        | 2 |  2.2
Spellcasting   | |  2.4
Conjurations   | |  1.7
Air Magic      | |  3.3

Action                     || total
---------------------------++-------
  Melee: Dagger            ||    39
         Unarmed           ||     2
         Tailslap          ||     1
  Throw: Dart              ||     1
   Cast: Shock             ||    37
    Use: Scroll            ||     7
         Potion            ||     3
   Stab: Distracted        ||     1
 Armour: Skin              ||    11
  Dodge: Dodged            ||    20

Table legend: (Time is in decaauts)
 A = Elapsed time spent in this place.
 B = Non-inter-level travel time spent in this place.
 C = Inter-level travel time spent in this place.
 D = Time resting spent in this place.
 E = Time spent auto-exploring this place.
 F = Levels seen in this place.
 G = Mean time per level.
                   A        B        C        D        E       F      G
               +--------+--------+--------+--------+--------+-----+--------+
         Total |   1324 |   1324 |      0 |    198 |    703 |   2 |  662.0 |
       Dungeon |   1324 |   1324 |      0 |    198 |    703 |   2 |  662.0 |
               +--------+--------+--------+--------+--------+-----+--------+

Top non-repeatable levels by time:
     D:1: 906 daAuts
     D:2: 417 daAuts
